Map: 카이로스 정션 - 래더

Players

Mamba

  • Race: Zerg Zerg
  • Spawn Location: 11:00

Stats - Winner!

  • Race: Protoss Protoss
  • Spawn Location: 5:00

Event: IEM Season 13: Katowice (2019)

VOD

Have the link to the VOD?

Description

Time

  • Played on: Feb. 26, 2019, 9:11 a.m.
  • Length: 5:30

All games in this series

Show
View Real Time Build Order
Export as new Build Order

Mamba Zerg 

Build Orders: Pool First 

Get SALT Encoding   

  12  0:00  Drone  
  13  0:12  Overlord  
  13  0:17  Drone  
  14  0:30  Drone x2  
  14  0:35  Drone  
  17  0:37  Extractor  
  16  0:47  Drone  
  17  0:50  Spawning Pool  
  16  0:58  Drone  
  17  1:16  Hatchery  
  16  1:20  Drone  
  17  1:26  Drone  
  18  1:37  Queen  
  20  1:41  Zergling x2  
  21  1:47  Metabolic Boost  
  21  1:54  Overlord  
  21  2:00  Drone  
  22  2:17  Lair  
  22  2:18  Drone  
  22  2:19  Overlord  
  23  2:25  Zergling x2  
  24  2:31  Queen  
  26  2:37  Zergling x2  
  26  2:39  Zergling x2  
  26  2:43  Zergling x2  
  28  2:49  Zergling x4  
  30  2:51  Zergling x2  
  31  3:00  Overlord  
  31  3:01  Zergling x2  
  31  3:03  Zergling x2  
  33  3:07  Zergling x2  
  34  3:16  Nydus Network  
  33  3:23  Zergling x4  
  33  3:24  Zergling x2  
  36  3:28  Zergling x2  
  36  3:32  Zergling x2  
  38  3:36  Zergling x2  
  38  3:37  Zergling x2  
  40  3:53  Nydus Canal  
  40  4:00  Zergling x10  
  45  4:07  Nydus Canal  
  45  4:11  Zergling x2  
  45  4:12  Zergling x4  
  48  4:21  Nydus Canal  
  49  4:24  Zergling x4  
  49  4:41  Nydus Canal  
  47  4:47  Overlord  
  47  4:48  Overlord  
  42  5:06  Zergling x10  
Show
View Real Time Build Order
Export as new Build Order

Stats Protoss - Winner!

Build Orders: 1 Gate Expand 

Get SALT Encoding   

  12  0:00  Probe  
  13  0:13  Probe  
  14  0:18  Pylon  
  14  0:24  Probe  
  15  0:32  Probe  
  15  0:38  Gateway  
  15  0:40  Probe  
  16  0:47  Assimilator  
  17  0:51  Probe  
  18  1:03  Probe  
  19  1:15  Probe  
  20  1:23  Nexus  
  20  1:33  Cybernetics Core  
  20  1:35  Probe  
  21  1:42  Assimilator  
  21  1:47  Probe  
  21  1:52  Pylon  
  22  2:00  Adept, Probe  
  23  2:13  Probe  
  23  2:14  Robotics Facility  
  26  2:21  Warp Gate, Stalker  
  26  2:25  Probe  
  27  2:36  Probe  
  30  2:37  Probe  
  31  2:48  Probe  
  31  2:49  Probe  
  33  2:51  Immortal  
  33  2:57  Gateway  
  39  3:06  Sentry  
  39  3:08  Probe  
  39  3:10  Probe  
  41  3:16  Pylon  
  41  3:20  Probe  
  41  3:21  Warp Prism  
  41  3:22  Probe  
  43  3:28  Pylon  
  45  3:35  Probe  
  45  3:37  Probe  
  47  3:47  Pylon  
  47  3:48  Probe  
  48  3:49  Probe  
  48  3:52  Forge  
  49  3:58  Shield Battery  
  49  4:00  Pylon  
  49  4:10  Stalker x2  
  49  4:14  Probe x2  
  49  4:15  Pylon  
  49  4:16  Immortal, Shield Battery  
  57  4:33  Stalker x2  
  57  4:48  Shield Battery  
  57  4:50  Photon Cannon  
  51  4:55  Adept  
  51  4:56  Adept  
  51  4:58  Shield Battery  
  51  4:59  Shield Battery  
  51  5:10  Sentry  
  49  5:19  Sentry  

Tags
 
Add a new tag
Caveats
  • Supply blocks, unpowered buildings, or Contaminate may cause inaccurate times.
  • Supply counts are checked every 10 seconds.